 Dungeon Crawl Stone Soup version 0.27-a0-1456-gf5a116941d (webtiles) character file.

Game seed: 14615502377938934521

3 robertstho the Firebug (level 1, 0/10 HPs)
             Began as a Deep Elf Fire Elementalist on July 6, 2021.
             Slain by an adder (3 damage)
             ... on level 3 of the Dungeon.
             The game lasted 00:00:28 (176 turns).

robertstho the Firebug (Deep Elf Fire Elementalist)  Turns: 176, Time: 00:00:28

Health: 0/10       AC:  2    Str:  5    XL:     1   Next: 41%
Magic:  4/6        EV: 12    Int: 19    God:
Gold:   0          SH:  0    Dex: 15    Spells: 5/6 levels left

rFire    . . .     SeeInvis .   (no weapon)
rCold    . . .     Faith    .   (no shield)
rNeg     . . .     Spirit   .   a - +0 robe
rPois    .         Reflect  .   (no helmet)
rElec    .         Harm     .   (no cloak)
rCorr    .         Rampage  .   (no gloves)
Will     .....                  (no boots)
Stlth    ++........             (no amulet)
HPRegen  0.03/turn              (no ring)
MPRegen  0.10/turn              (no ring)

@: no status effects
A: no striking features
a: no special abilities


You were on level 3 of the Dungeon.
You visited 1 branch of the dungeon, and saw 3 of its levels.

Inventory:

Armour
 a - a +0 robe (worn)


   Skills:
 + Level 2.4 Dodging
 + Level 2.4 Stealth
 * Level 3.1 Spellcasting
 * Level 1.1 Conjurations
 * Level 3.4 Fire Magic


You had 5 spell levels left.
You knew the following spells:

 Your Spells              Type           Power      Damage    Failure   Level
a - Foxfire               Conj/Fire      44%        2x1d6     6%          1

Your spell library contained the following spells:

 Spells                   Type           Power      Damage    Failure   Level
 Conjure Flame            Conj/Fire      11%        6-21      19%         3
 Inner Flame              Hex/Fire       9%         N/A       22%         3
 Sticky Flame             Conj/Fire      11%        2d3       52%         4
 Fireball                 Conj/Fire      5%         3d5       86%         5


Dungeon Overview and Level Annotations

Branches:
Dungeon (3/15)

Altars:


Message History

You fall into a shaft and drop 1 floor!
The shaft crumbles and collapses.
Found a scroll labelled KACAEX ZAUD and a scroll labelled ENEXEPS SUIM.
Found a stone staircase leading down and a stone staircase leading up.
A bat, an adder, a goblin and 4 gnolls come into view.
A gnoll is wielding a +1 vorpal spear.
You see here 7 gold pieces.
Unknown command.
The gnoll shouts!
The adder hisses angrily.
The adder barely misses you.
The gnoll hits you from afar with a +0 spear.
Ouch! That really hurt!
The goblin shouts!
The gnoll shouts! x2; You hear a shout!
You hear an angry hiss.
The bat hits you but does no damage. The adder closely misses you.
A goblin comes into view. It is wielding a +0 club.
The bat hits you.
* * * LOW HITPOINT WARNING * * *
The adder barely misses you. The adder closely misses you.
Found a hunting sling.
There is a stone staircase leading down here.
The adder barely misses you. The gnoll closely misses you.
You climb downwards.
There is a stone staircase leading up here.
Casting: Foxfire (safe; 6% risk of failure)
Press: ? - help, Q - select action Dir - look around, f - activate You conjure some foxfire!
The adder misses you.
Unknown command.
The foxfire hits the adder.
The adder is lightly wounded.
The foxfire hits the adder.
The adder is heavily wounded.
The adder closely misses you.
Casting: Foxfire (safe; 6% risk of failure)
Press: ? - help, Q - select action Dir - look around, f - activate You conjure some foxfire!
The adder bites you.
You die...

# .. ####.##
####.......
###vS........
#.v@#<.......
#..#.#........
#. #.#.##.....
#. #+#.# ....
# ..# ... ..#
## ..# ...#


You could see an adder (ally target).

Vanquished Creatures
  A dart slug (D:1)
  A frilled lizard (D:1)
2 creatures vanquished.

Vanquished Creatures (others)
  10 foxfires
10 creatures vanquished.

Grand Total: 12 creatures vanquished

Notes
Turn   | Place    | Note
-------+----------+-------------------------------------------
     0 | D:1      | robertstho the Deep Elf Fire Elementalist began the quest
                  | for the Orb.
     0 | D:1      | Reached XP level 1. HP: 10/10 MP: 6/6
   166 | D:1      | You fall into a shaft and drop 1 floor!
   176 | D:3      | Slain by an adder

Illustrated notes

Levels and vault maps discovered:
D:1:      lightli_arrival_statuegarden, layout_basic, chequers_arboretum,
          chequers_serial_rivers_marsh
D:2:      minmay_alternating_diamond, layout_rooms,
          chequers_ecumenical_altar_simple
D:3:      minmay_general_purpose_star, layout_basic, lemuel_doored_altar,
          overflow_temple_1_default, nicolae_qazlal_eye_of_the_storm,
          minmay_cut_off, uniq_crazy_yiuf_cottage, uniq_natasha

Action                   || total
-------------------------++-------
 Cast: Foxfire           ||     8
Armor: Robe              ||     1
Dodge: Dodged            ||    10

Table legend: (Time is in decaauts)
 A = Elapsed time spent in this place.
 B = Non-inter-level travel time spent in this place.
 C = Inter-level travel time spent in this place.
 D = Time resting spent in this place.
 E = Time spent auto-exploring this place.
 F = Levels seen in this place.
 G = Mean time per level.
                   A        B        C        D        E       F      G
               +--------+--------+--------+--------+--------+-----+--------+
         Total |    175 |    175 |      0 |      0 |    147 |   3 |   58.3 |
       Dungeon |    175 |    175 |      0 |      0 |    147 |   3 |   58.3 |
               +--------+--------+--------+--------+--------+-----+--------+

Top non-repeatable levels by time:
     D:1: 166 daAuts
     D:2: 5 daAuts
     D:3: 3 daAuts
